AoeStats
← Cappuccino Assassino

Arabia

503911265Analyzed
2v2 RM · 28d ago on Sep 3, 2026· 45m 23s· 4 players
Game mode
Random Map
Map size
Medium (4 player)
Population
200
Speed
Normal
Resources
Standard
Victory
Conquest
Starting age
Dark Age
Ending age
Imperial Age
RankedLock teamsTeams togetherTeam positionsShared explorationLock speedFull tech treeHidden civsTurbo modeCheats
Victory
Defeat
🇨🇦 Vikings · Canada
1195
+13
🇺🇸 Hindustanis · United States
1092
+19
🇨🇱 Vikings · Chile
1158
-17
🇨🇱 Chinese · Chile
1116
-15
Cappuccino Assassino
0:33 Loom
11:40 Feudal Age
17:21 Stone Mining
19:21 Fletching
20:15 Double-Bit Axe
20:15 Horse Collar
22:09 Forging
24:32 Castle Age
23:07 Gold Mining
24:37 Padded Archer Armor
26:03 Bodkin Arrow
26:33 Crossbowman
29:36 Leather Archer Armor
34:07 Ballistics
40:08 Imperial Age
38:15 Wheelbarrow
41:19 Arbalester
45:21 Thumb Ring
45:27 Bracer
Belzebu
7:12 Loom
10:28 Feudal Age
11:18 Double-Bit Axe
15:19 Fletching
15:21 Horse Collar
16:51 Padded Archer Armor
19:17 Town Watch
23:04 Castle Age
22:36 Gold Mining
24:50 Bodkin Arrow
24:50 Crossbowman
27:10 Ballistics
27:36 Gold Shaft Mining
27:55 Squires
28:27 Bow Saw
28:25 Elite Skirmisher
29:25 Leather Archer Armor
31:37 Arson
32:04 Forging
31:55 Scale Mail Armor
35:27 Imperial Age
34:07 Chieftains
34:32 Chain Mail Armor
34:09 Gambesons
36:46 Iron Casting
39:50 Blast Furnace
39:36 Bracer
Method0fMadness
3:21 Loom
10:01 Feudal Age
13:02 Fletching
14:27 Padded Archer Armor
23:49 Castle Age
22:12 Horse Collar
22:19 Double-Bit Axe
23:22 Scale Barding Armor
23:51 Forging
24:57 Chain Barding Armor
29:52 Gold Mining
31:06 Elite Skirmisher
32:09 Light Cavalry
33:42 Bodkin Arrow
35:11 Heavy Plow
39:41 Imperial Age
38:35 Scale Mail Armor
39:29 Leather Archer Armor
43:01 Ring Archer Armor
42:32 Bracer
45:33 Bow Saw
Cpt Sly0ne
8:06 Loom
10:35 Feudal Age
12:46 Double-Bit Axe
19:41 Castle Age
19:05 Horse Collar
19:20 Gold Mining
19:24 Stone Mining
23:02 Heavy Plow
23:47 Gold Shaft Mining
23:50 Stone Shaft Mining
27:39 Bloodlines
28:17 Bow Saw
28:47 Husbandry
33:38 Imperial Age
31:47 Wheelbarrow
32:13 Masonry
32:26 Ballistics
32:16 Scale Barding Armor
32:22 Forging
32:21 Light Cavalry
34:04 Hand Cart
33:40 Town Watch
34:19 Chain Barding Armor
36:23 Chemistry
39:37 Siege Elephant
41:55 Padded Archer Armor
42:31 Plate Barding Armor
Connection lost

Rejoining the realm…

Still unreachable

The connection could not be restored.

Session expired

The server has moved on; the page needs a fresh start.